 Dungeon Crawl Stone Soup version 0.26.1-11-gd32895ea62 (webtiles) character file.

Game seed: 13865795156095936145

759 ISoar the Purveyor of Pain (level 7, -2/50 HPs)
             Began as a Ghoul Necromancer on May 20, 2021.
             Was an Initiate of Kikubaaqudgha.
             Slain by an ufetubus (3 damage)
             ... on level 6 of the Dungeon.
             The game lasted 00:16:00 (6744 turns).

ISoar the Purveyor of Pain (Ghoul Necromancer)      Turns: 6744, Time: 00:16:01

Health: -2/50      AC:  4    Str: 12    XL:     7   Next: 80%
Magic:  3/11       EV: 12    Int: 16    God:    Kikubaaqudgha [......]
Gold:   271        SH:  0    Dex:  5    Spells: 5/13 levels left

rFire    . . .     SeeInvis .     - Unarmed
rCold    + . .     Faith    .   (no shield)
rNeg     + + +     Spirit   .   u - +1 robe of Pan-Flutes {Int+4} (curse)
rPois    ∞         Reflect  .   (no helmet)
rElec    .         Harm     .   B - +0 cloak
rCorr    .         Rampage  .   (no gloves)
Will     .....     Rnd*Tele +   (no boots)
Stlth    +.........             (no amulet)
HPRegen  0.00/turn              h - -4 ring of dexterity (curse)
MPRegen  0.12/turn              l - ring of teleportation (curse)

@: no status effects
A: claws 1, cold resistance 1, negative energy resistance 3, inhibited
regeneration, torment resistance, unbreathing
a: Renounce Religion


You were on level 6 of the Dungeon.
You worshipped Kikubaaqudgha.
Kikubaaqudgha was noncommittal.
You visited 2 branches of the dungeon, and saw 7 of its levels.

You collected 271 gold pieces.

Inventory:

Armour
 a - a +0 robe
 m - a +0 helmet
 u - the cursed +1 robe of Pan-Flutes (worn) {Int+4}
   (You found it on level 4 of the Dungeon)

   It affects your intelligence (+4).
   It has a curse placed upon it.
 B - a +0 cloak (worn)
Magical Staves
 j - an uncursed staff of earth
Jewellery
 h - a cursed -4 ring of dexterity (left claw)
 l - a cursed ring of teleportation (right claw)
 t - an uncursed ring of resist corrosion {unknown}
 x - a cursed ring of willpower {unknown}
 C - a cursed -4 ring of dexterity
Wands
 k - a wand of random effects (17)
 z - a wand of iceblast (8)
 A - a wand of flame (6)
Scrolls
 b - 5 scrolls of fear
 e - 2 scrolls of blinking {unknown}
 f - 4 scrolls of teleportation
 n - a scroll of enchant weapon
 o - a scroll of magic mapping
 p - a scroll of enchant armour {unknown}
 r - a scroll of noise {unknown}
 s - 5 scrolls of identify
 v - 2 scrolls of random uselessness {unknown}
 y - 2 scrolls of remove curse {unknown}
 D - a scroll of amnesia {unknown}
Potions
 c - a potion of degeneration {unknown}
 d - 2 potions of heal wounds {unknown}
 g - a potion of ambrosia {unknown}
 i - a potion of might {unknown}
 q - 3 potions of flight
 w - a potion of curing


   Skills:
 + Level 0.2 Fighting
 + Level 2.4 Dodging
 - Level 2.1 Stealth
 + Level 2.1 Unarmed Combat
 + Level 3.7 Spellcasting
 * Level 7.8 Necromancy


You had 5 spell levels left.
You knew the following spells:

 Your Spells              Type           Power        Failure   Level
a - Pain                  Necr           100%         1%          1
b - Vampiric Draining     Necr           14%          1%          3
c - Animate Dead          Necr           14%          7%          4

Your spell library contained the following spells:

 Spells                   Type           Power        Failure   Level
 Animate Skeleton         Necr           56%          1%          1
 Summon Small Mammal      Summ           12%          17%         1
 Agony                    Necr           28%          19%         5
 Call Imp                 Summ           3%           26%         2
 Call Canine Familiar     Summ           3%           45%         3
 Summon Guardian Golem    Hex/Summ       3%           45%         3
 Summon Ice Beast         Ice/Summ       3%           86%         4
 Summon Lightning Spire   Summ/Air       3%           86%         4


Dungeon Overview and Level Annotations

Branches:
Dungeon (6/15)             Temple (1/1) D:4

Altars:
Ashenzari
Cheibriados
Dithmenos
Elyvilon
Gozag
Hepliaklqana
Kikubaaqudgha
Makhleb
Nemelex Xobeh
Okawaru
Qazlal
Ru
Sif Muna
Trog
Vehumet
Wu Jian
Xom
The Shining One

Shops:
D:5 ?

Annotations:
D:2 Sigmund


Innate Abilities, Weirdness & Mutations

You thrive by killing the living.
You are immune to poison.
You have sharp fingernails.
Your flesh is cold resistant. (rC+)
You are immune to negative energy. (rN+++)
You do not regenerate when monsters are visible.
You are immune to unholy pain and torment.
You can survive without breathing.


Message History

The ufetubus hits you but does no damage.
The ufetubus barely misses you.
The ufetubus hits you but does no damage.
The ufetubus hits you.
* * * LOW HITPOINT WARNING * * *
The ufetubus barely misses you.
The ufetubus hits you but does no damage.
The ufetubus closely misses you.
It was a potion of curing.
You feel better. The ufetubus barely misses you. The ufetubus hits you.
* * * LOW HITPOINT WARNING * * *
You feel better. The ufetubus barely misses you.
The ufetubus hits you but does no damage.
The ogre hits you with a +0 giant spiked club!
* * * LOW HITPOINT WARNING * * *
The ufetubus hits you but does no damage.
The ufetubus closely misses you. The ufetubus closely misses you.
The ufetubus hits you.
You die...
Kikubaaqudgha rasps: "You have failed me!
Welcome... oblivion!"

.......#.#
#......## #........
#.......# #.......#
#.......# ....
#..(....# #####
..... #.....@.###
##.... .....
#.(.$5....# ##
##..... .....
#....O..#.# #..
#......
.....######.......#
# #..##......
...........########
#..#......
..............#
###........
#..........##.....
...........
#.#.#.(##### ####
..#.......
#.#.)...#####
#.......


You could see an ogre and an ufetubus.

Vanquished Creatures
  An eye of draining (D:4)
  A sky beast (D:5)
  A centaur (D:6)
  A scorpion (D:4)
  2 howler monkeys
  A hound (D:4)
  A bullfrog skeleton (D:5)
  An iguana (D:5)
  A worker ant (D:4)
  Natasha (thrice) (D:2)
  Robin (D:2)
  5 gnolls
  3 howler monkey skeletons
  3 adders
  2 dart slugs (D:2)
  4 leopard geckos
  3 giant cockroaches
  16 goblins
  5 hobgoblins
  13 jackals
  6 kobolds
  2 ball pythons
  A ball python skeleton (D:4)
  7 bats
  5 frilled lizards
  A quokka skeleton (D:4)
  6 rats
  2 toadstools (D:1)
98 creatures vanquished.

Vanquished Creatures (others)
  2 toadstools (D:1)
2 creatures vanquished.

Grand Total: 100 creatures vanquished

Notes
Turn   | Place    | Note
-------+----------+-------------------------------------------
     0 | D:1      | ISoar the Ghoul Necromancer began the quest for the Orb.
     0 | D:1      | Reached XP level 1. HP: 14/14 MP: 2/2
   133 | D:1      | Reached XP level 2. HP: 20/20 MP: 0/3
   530 | D:1      | Reached XP level 3. HP: 23/26 MP: 2/4
  1280 | D:2      | Reached skill level 5 in Necromancy
  1517 | D:2      | Noticed Natasha
  1522 | D:2      | Killed Natasha
  1523 | D:2      | Reached XP level 4. HP: 29/33 MP: 1/6
  1532 | D:2      | Noticed Natasha
  1547 | D:2      | Killed Natasha
  1548 | D:2      | Reached skill level 1 in Unarmed Combat
  1646 | D:2      | Noticed Natasha
  1661 | D:2      | HP: 1/33 [Natasha (1)]
  1664 | D:2      | Killed Natasha
  1665 | D:2      | Reached XP level 5. HP: 4/38 MP: 0/7
  2021 | D:2      | Found a glowing golden altar of the Shining One.
  2251 | D:2      | Noticed Robin
  2345 | D:2      | Killed Robin
  2527 | D:2      | Noticed Sigmund
  2544 | D:2      | Found a radiant altar of Vehumet.
  2697 | D:2      | Found a stormy altar of Qazlal.
  3040 | D:3      | Found a snail-covered altar of Cheibriados.
  3710 | D:4      | Reached skill level 6 in Necromancy
  4007 | D:4      | Reached XP level 6. HP: 22/45 MP: 1/9
  4241 | D:4      | Got a fine robe
  4252 | D:4      | Identified the cursed +1 robe of Pan-Flutes {Int+4} (You
                  | found it on level 4 of the Dungeon)
  4784 | D:4      | Found a staircase to the Ecumenical Temple.
  4859 | Temple   | Entered the Ecumenical Temple
  4934 | Temple   | Became a worshipper of Kikubaaqudgha
  5192 | D:4      | Found a bloodstained altar of Trog.
  5192 | D:4      | Noticed an eye of draining
  5346 | D:4      | Killed an eye of draining
  5517 | D:5      | Entered Level 5 of the Dungeon
  5517 | D:5      | Noticed a sky beast
  5524 | D:4      | Learned a level 3 spell: Vampiric Draining
  5529 | D:4      | Learned a level 4 spell: Animate Dead
  5644 | D:5      | Killed a sky beast
  5645 | D:5      | Reached skill level 7 in Necromancy
  5645 | D:5      | Reached XP level 7. HP: 33/50 MP: 1/11
  6176 | D:5      | Found Vawomerch's Magic Scroll Shop.
  6739 | D:6      | HP: 1/50 [ufetubus (3)]
  6744 | D:6      | Slain by an ufetubus

Illustrated notes

Levels and vault maps discovered:
D:1:      ldierk_water_garden, layout_rooms, nrook_mini_vaults,
          kennysheep_crisscross
D:2:      layout_loops_ring, vehumet_crystals, nicolae_tso_swordbearing_angel,
          old_standard_altar, grunt_ministairs_3, uniq_robin, uniq_natasha,
          uniq_sigmund
D:3:      wad_lake_hut, layout_basic, cheibriados_altar_1
D:4:      layout_layer_cave, minmay_temple_entry_antechambers,
          trog_eyes_of_draining
D:5:      layout_rooms, serial_shops, nicolae_shop_stone
D:6:      layout_rooms, minmay_a_box_with_orc_wizards_in_it
Temple:   zaba_magenta_temple

Skill      XL: |  1  2  3  4  5  6  7 |
---------------+----------------------+-----
Dodging        | 2 |  2.4
Spellcasting   | 2 3 |  3.7
Necromancy     | 5 6 7 |  7.8
Unarmed Combat | 1 2 |  2.1
Fighting       | |  0.2
Stealth        | |  2.1

Action                   |  1- 3 |  4- 6 |  7- 9 || total
-------------------------+-------+-------+-------++-------
Melee: Unarmed           |    63 |    85 |    27 ||   175
 Cast: Pain              |    45 |   112 |    55 ||   212
       Vampiric Draining |       |       |     2 ||     2
       Animate Dead      |       |       |     1 ||     1
  Use: Scroll            |       |     5 |       ||     5
       Potion            |       |       |     2 ||     2
Armor: Robe              |    15 |    12 |    16 ||    43
Dodge: Dodged            |    71 |    56 |    66 ||   193
